 Dungeon Crawl Stone Soup version 0.20.0-15-g7f486f2 (webtiles) character file.

282 darquill the Grave Robber (level 6, 0/42 HPs)
             Began as a Human Necromancer on June 24, 2017.
             Killed from afar by a quasit (35 damage)
             ... with an exploding inner flame
             ... hexed by the player character
             ... on level 5 of the Dungeon on June 25, 2017.
             The game lasted 00:42:10 (4472 turns).

darquill the Grave Robber (Human Necromancer)       Turns: 4472, Time: 00:42:11

Health: 0/42       AC:  4    Str:  9      XL:     6   Next: 53%
Magic:  20/20      EV: 12    Int: 22      God:
Gold:   59         SH:  0    Dex: 11 (13) Spells: 4/12 levels left

rFire    . . .     SeeInvis .   C - +2 quarterstaff
rCold    . . .     Gourm    .   (shield currently unavailable)
rNeg     . . .     Faith    .   a - +2 robe
rPois    .         Spirit   .   (no helmet)
rElec    .         Reflect  .   (no cloak)
rCorr    .         Harm     .   (no gloves)
MR       .....                  (no boots)
Stlth    ++........             (no amulet)
Regen    0.2/turn               h - ring of magical power
MPRegen  0.2/turn               t - +5 ring of intelligence

@: no status effects
A: no striking features
a: no special abilities


You were on level 5 of the Dungeon.
You were not hungry.

You visited 1 branch of the dungeon, and saw 5 of its levels.

You collected 177 gold pieces.
You spent 118 gold pieces at shops.

Inventory:

Hand Weapons
 C - a +2 quarterstaff (weapon)
Missiles
 e - 19 bolts
 f - 29 sling bullets
Armour
 a - a +2 robe (worn)
Jewellery
 d - an uncursed ring of flight
 h - a ring of magical power (left hand)
 q - a +2 ring of dexterity
 t - a +5 ring of intelligence (right hand)
 x - an uncursed ring of fire
Scrolls
 i - a scroll of fog {unknown}
 n - 6 scrolls of teleportation
 p - a scroll of remove curse {unknown}
 v - a scroll of random uselessness {unknown}
 y - a scroll of blinking {unknown}
Potions
 c - a potion of degeneration {unknown}
 g - a potion of cancellation {unknown}
 j - a potion of invisibility {unknown}
 o - a potion of heal wounds
 r - a potion of curing {unknown}
 z - a potion of brilliance {unknown}
 A - a potion of might {unknown}
Books
 b - a book of Necromancy

   Spells                             Type                      Level
   a - Pain                           Necromancy                   1
   b - Animate Skeleton               Necromancy                   1
   c - Vampiric Draining              Necromancy                   3
   d - Regeneration                   Charms/Necromancy            3
   e - Animate Dead                   Necromancy                   4
   f - Control Undead                 Necromancy                   4
Comestibles
 l - a meat ration
 u - 2 bread rations


   Skills:
 + Level 0.4 Fighting
   Level 0.4 Short Blades
 + Level 0.2 Armour
 + Level 2.3 Dodging
 + Level 2.5 Stealth
 + Level 3.9 Spellcasting
 + Level 5.8 Necromancy


You had 4 spell levels left.
You knew the following spells:

 Your Spells              Type           Power        Failure   Level  Hunger
a - Pain                  Necr           ####         1%          1    None
b - Animate Skeleton      Necr           N/A          1%          1    None
c - Vampiric Draining     Necr           ####......   3%          3    ###....
d - Regeneration          Chrm/Necr      ###.......   11%         3    ###....


Dungeon Overview and Level Annotations

Branches:
Dungeon (5/15)
 Temple: D:4-7

Altars:
Ashenzari
Hepliaklqana

Shops:
D:4 *=?(=


Message History

The quasit is severely wounded.
The quasit misses you. x2; The quasit closely misses you.
The quasit bites you. The quasit closely misses you. x2
You hit the quasit.
The quasit is severely wounded.
The quasit bites you but does no damage.
The quasit claws you but does no damage.
The quasit barely misses you.
The quasit bites you but does no damage.
The quasit claws you but does no damage.
The quasit claws you.
You miss the quasit.
The quasit is severely wounded.
The quasit barely misses you. The quasit misses you.
The quasit claws you but does no damage.
You hit the quasit.
The quasit explodes!
The fiery explosion engulfs you!
Ouch! That really hurt!
You die...

. #.#....##.#. #####.
#.#....##.#. ......##
#.#....##.#.
#.....##..#.#.#######...
#...... ..#.#.# ###.
#..<..# #.#.#.#########.
#.....###...#...........
#....§#§....###########.
#.§§@....#...........
####§....#.##########
#................#
#....##.#.###.####
#....##.......####
#....##.#.........
#....##.##########
#....#### ######


There were no monsters in sight!

Vanquished Creatures
  3 hounds
  2 orc wizards
  7 gnolls
  A worm (D:4)
  5 dart slugs
  2 leopard geckos
  9 orcs
  5 bats
  4 giant cockroaches
  2 goblins
  5 hobgoblins
  A quokka (D:2)
  4 frilled lizards
  A kobold (D:1)
  3 rats
54 creatures vanquished.

Notes
Turn   | Place    | Note
-------+----------+-------------------------------------------
     0 | D:1      | darquill the Human Necromancer began the quest for the Orb.
     0 | D:1      | Reached XP level 1. HP: 13/13 MP: 3/3
     2 | D:1      | Learned a level 1 spell: Animate Skeleton
   240 | D:1      | Reached XP level 2. HP: 19/19 MP: 3/5
  1250 | D:1      | Reached XP level 3. HP: 22/24 MP: 3/6
  1556 | D:2      | Learned a level 3 spell: Vampiric Draining
  2115 | D:3      | Reached XP level 4. HP: 26/30 MP: 2/7
  2641 | D:3      | Found a hazy altar of Hepliaklqana.
  2775 | D:4      | Found Qune's Jewellery Emporium.
  2806 | D:4      | Reached skill level 5 in Necromancy
  2902 | D:4      | Found Kyeny's Magic Scroll Shop.
  2905 | D:4      | Bought a scroll of identify for 26 gold pieces
  2905 | D:4      | Bought a scroll of identify for 26 gold pieces
  2905 | D:4      | Bought a scroll of identify for 26 gold pieces
  3197 | D:4      | Reached XP level 5. HP: 10/35 MP: 5/9
  3413 | D:4      | Found Seab Led's Weapon Emporium.
  3433 | D:4      | Bought a +0 quarterstaff for 40 gold pieces
  3436 | D:4      | Noticed a phantom
  3666 | D:4      | Found Uzaojah's Jewellery Emporium.
  3668 | D:4      | Found Jesupyh's Assorted Antiques.
  3858 | D:4      | Learned a level 3 spell: Regeneration
  3959 | D:4      | Reached XP level 6. HP: 29/42 MP: 11/11
  4055 | D:5      | Entered Level 5 of the Dungeon
  4305 | D:5      | Found a shattered altar of Ashenzari.
  4472 | D:5      | Killed from afar by a quasit

Skill      XL: |  1  2  3  4 |
---------------+-------------+-----
Necromancy     | 5 |  5.8
Spellcasting   | 3 |  3.9
Fighting       | |  0.4
Short Blades   | |  0.4
Armour         | |  0.2
Dodging        | |  2.3
Stealth        | |  2.5

Action                   |  1- 3 |  4- 6 || total
-------------------------+-------+-------++-------
Melee: Unarmed           |    11 |       ||    11
       Dagger            |    51 |       ||    51
       Short sword       |    24 |    23 ||    47
       Quarterstaff      |       |     9 ||     9
 Cast: Pain              |    29 |    69 ||    98
       Vampiric Draining |     1 |     6 ||     7
  Use: Scroll            |       |    15 ||    15
       Potion            |       |     2 ||     2
  Eat: Bread ration      |     1 |     1 ||     2
       Meat ration       |       |     1 ||     1
       Fruit             |       |     1 ||     1
Armor: Robe              |     4 |    20 ||    24
       Chain mail        |    83 |       ||    83
Dodge: Dodged            |    28 |    54 ||    82
